 Dungeon Crawl Stone Soup version 0.30-a0-1160-g6e42c06551 (webtiles) character file.

Game seed: 15325996856553615612

345 Miklu the Chopper (level 6, -2/48 HPs)
             Began as a Human Fighter on Apr 26, 2023.
             Slain by a gnoll
             ... wielding a +0 spear
             ... led by a gnoll bouda
              (5 damage)
             ... on level 4 of the Dungeon.
             The game lasted 00:04:35 (3423 turns).

Miklu the Chopper (Human Fighter)                   Turns: 3423, Time: 00:04:35

Health: -2/48      AC:  7    Str: 18    XL:     6   Next: 90%
Magic:  6/6        EV:  9    Int:  8    God:
Gold:   239        SH:  5    Dex: 13    Spells: 5/5 levels left

rFire   . . .        a - +0 war axe (chaos)
rCold   . . .        c - +0 buckler
rNeg    . . .        b - +0 scale mail
rPois   .            (no helmet)
rElec   .            (no cloak)
rCorr   .            (no gloves)
SInv    .            (no boots)
Will    .....        (no amulet) Stlth
                     (no ring)
HPRegen 0.28/turn    (no ring)
MPRegen 0.10/turn

%: no passive effects
@: no status effects
A: no striking features
a: no special abilities


You were on level 4 of the Dungeon.
You visited 1 branch of the dungeon, and saw 4 of its levels.

You collected 239 gold pieces.

Inventory:

Hand Weapons
 a - a +0 war axe of chaos (weapon)
Armour
 b - a +0 scale mail (worn)
 c - a +0 buckler (worn)
Jewellery
 g - a +6 ring of dexterity
 m - an amulet of guardian spirit
Scrolls
 e - a scroll of silence
 h - 3 scrolls of fog
 i - 2 scrolls of immolation
 l - a scroll of fear
 n - a scroll of teleportation
Potions
 d - a potion of attraction {unknown}
 f - a potion of haste
 j - a potion of magic
 q - a potion of ambrosia {unknown}


   Skills:
 + Level 3.8 Fighting
 + Level 4.5 Axes
 + Level 4.3 Armour
 + Level 1.2 Dodging
 + Level 3.8 Shields


You had 5 spell levels left.
You didn't know any spells.
Your spell library contained the following spells:

 Spells                   Type           Power      Damage    Failure   Level
 Magic Dart               Conj           0%         1d3       86%         1
 Call Imp                 Summ           0%         N/A       94%         2
 Ignite Poison            Fire/Tmut/Pois 0%         N/A       99%         3
 Mephitic Cloud           Conj/Pois/Air  0%         N/A       99%         3
 Sticky Flame             Conj/Fire      0%         2d3       100%        4
 Ignition                 Fire           0%         3d3       100%        8


Dungeon Overview and Level Annotations

Branches:
Dungeon (4/15)             Temple (0/1) D:4

Altars:

Annotations:
D:4 2 transporters, qborf's ghost, novice DsCj


Message History

You block the gnoll's attack.
The gnoll hits you from afar with a +0 spear.
Unknown command.
Unknown command.
You hit the gnoll.
The gnoll is moderately wounded.
The gnoll hits you with a +0 flail.
The gnoll hits you from afar with a +0 spear.
Unknown command.
You hit the gnoll.
The gnoll is severely wounded.
The gnoll is no longer moving quickly.
You block the gnoll's attack. x2
Unknown command.
You hit the gnoll bouda.
The gnoll bouda is lightly wounded.
Your attacks no longer feel as feeble.
You block the gnoll's attack.
The gnoll bouda hits you with a +0 club!
* * * LOW HITPOINT WARNING * * *
The gnoll hits you but does no damage.
You slash the gnoll bouda! You freeze the gnoll bouda.
The gnoll bouda is almost dead.
The gnoll bouda barks out a call to the hunt!
The gnoll picks up the pace!
The gnoll hits you from afar with a +0 spear.
* * * LOW HITPOINT WARNING * * *
You slash the gnoll bouda!
You feel better.
You kill the gnoll bouda!
You block the gnoll's attack. The gnoll hits you with a +0 flail.
* * * LOW HITPOINT WARNING * * *
Unknown command.
You barely miss the gnoll.
The gnoll is heavily wounded.
The gnoll is no longer moving quickly.
The gnoll hits you from afar with a +0 spear.
* * * LOW HITPOINT WARNING * * *
The gnoll hits you with a +0 flail.
* * * LOW HITPOINT WARNING * * *
The gnoll hits you from afar with a +0 spear.
You die...

#.......#......# #.## .#
##....#..)....#####.# .
.# ##...#...)......)...#
. ##
.........)....#######.###
.#.##..###......# ###....
.#.##....................
...##..#########.........
#..##....#########gS.....
#..#............@gKg.[...
.......#...#########...$.
#.###.##....####### ...
#.###.##.##.##....# .
#..#.........#..#.#
##.............##.#
#.#..⌠...⌠..####.###
#.#.........#......###
#......>......#......#


You could see 2 gnolls, a hobgoblin, a ball python and a kobold.

Vanquished Creatures
  A black bear (D:4)
  A howler monkey (D:3)
  A gnoll bouda (D:4)
  6 gnolls
  5 adders
  2 worms (D:2)
  6 dart slugs
  4 orcs
  2 ball pythons
  8 endoplasms
  3 giant cockroaches
  10 goblins
  2 hobgoblins (D:2)
  3 jackals (D:1)
  5 bats
  A frilled lizard (D:2)
  6 kobolds
  8 rats
74 creatures vanquished.

Notes
Turn   | Place    | Note
-------+----------+-------------------------------------------
     0 | D:1      | Miklu the Human Fighter began the quest for the Orb.
     0 | D:1      | Reached XP level 1. HP: 18/18 MP: 1/1
    83 | D:1      | Reached XP level 2. HP: 24/24 MP: 2/2
   305 | D:1      | Reached XP level 3. HP: 29/29 MP: 3/3
   852 | D:2      | Reached XP level 4. HP: 35/35 MP: 4/4
  1882 | D:3      | Identified the +8 quarterstaff "Qoasaol" {flame, Str+6}
  2124 | D:3      | Identified the +7 sling of Domination {heavy, rPois rF+
                  | Str+3}
  2784 | D:4      | Noticed a black bear
  2792 | D:4      | Reached XP level 5. HP: 25/41 MP: 5/5
  2835 | D:3      | Reached skill level 1 in Dodging
  2948 | D:4      | Killed a black bear
  2949 | D:4      | Reached XP level 6. HP: 21/47 MP: 6/6
  3025 | D:4      | HP: 2/47 [gnoll/+0 flail (5)]
  3207 | D:4      | Found a transporter.
  3207 | D:4      | Noticed qborf's ghost (novice DsCj)
  3210 | D:4      | Noticed a black bear
  3278 | D:4      | Found a transporter.
  3343 | D:4      | Found a staircase to the Ecumenical Temple.
  3423 | D:4      | Slain by a gnoll

Illustrated notes

Levels and vault maps discovered:
D:1:      wheals_arrival_shading, layout_loops_ring, minivault_24
D:2:      layout_loops_corners
D:3:      layout_basic, kennysheep_another_room
D:4:      layout_rooms, minmay_temple_entry_large_hall, gammafunk_ghost_arena,
          gup_sewer_entry_spiral

Skill      XL: |  1  2  3  4  5 |
---------------+----------------+-----
Axes           | 3 4 |  4.5
Dodging        | 1 |  1.2
Armour         | 4 |  4.3
Fighting       | |  3.8
Shields        | |  3.8

Action                     |  1- 3 |  4- 6 || total
---------------------------+-------+-------++-------
  Melee: War axe           |    81 |   152 ||   233
    Use: Scroll            |       |    10 ||    10
         Potion            |       |     6 ||     6
 Armour: Scale mail        |    34 |    86 ||   120
  Dodge: Dodged            |    40 |    94 ||   134
  Block: Buckler           |    11 |    63 ||    74

Table legend: (Time is in decaauts)
 A = Elapsed time spent in this place.
 B = Non-inter-level travel time spent in this place.
 C = Inter-level travel time spent in this place.
 D = Time resting spent in this place.
 E = Time spent auto-exploring this place.
 F = Levels seen in this place.
 G = Mean time per level.
                   A        B        C        D        E       F      G
               +--------+--------+--------+--------+--------+-----+--------+
         Total |   3510 |   3420 |     90 |     92 |   2682 |   4 |  877.5 |
       Dungeon |   3510 |   3420 |     90 |     92 |   2682 |   4 |  877.5 |
               +--------+--------+--------+--------+--------+-----+--------+

Top non-repeatable levels by time:
     D:3: 1189 daAuts
     D:2: 897 daAuts
     D:1: 783 daAuts
     D:4: 639 daAuts
